 Dungeon Crawl Stone Soup version 0.29-a0-298-g3c90f9a769 (webtiles) character file.

Game seed: 15816273146620668493

76 Dabor the Magician (level 4, -2/24 HPs)
             Began as a Deep Elf Venom Mage on Mar 23, 2022.
             Slain by Grinder (7 damage)
             ... on level 3 of the Dungeon.
             The game lasted 00:03:02 (2681 turns).

Dabor the Magician (Deep Elf Venom Mage)            Turns: 2681, Time: 00:03:03

Health: -2/24      AC:  3    Str:  5    XL:     4   Next: 12%
Magic:  3/11       EV: 13    Int: 22    God:
Gold:   115        SH:  0    Dex: 15    Spells: 9/10 levels left

rFire   . . .      SeeInvis .   (no weapon)
rCold   . . .      Faith    .   (no shield)
rNeg    . . .      Spirit   .   a - +0 robe
rPois   .          Reflect  .   (no helmet)
rElec   .          Harm     .   (no cloak)
rCorr   .          Rampage  .   h - +0 pair of gloves
Will    .....                   (no boots)
Stlth   ++........              (no amulet)
HPRegen 0.08/turn               (no ring)
MPRegen 0.12/turn               (no ring)

@: very slightly contaminated
A: no striking features
a: no special abilities


You were on level 3 of the Dungeon.
You visited 1 branch of the dungeon, and saw 3 of its levels.

You collected 115 gold pieces.

Inventory:

Armour
 a - a +0 robe (worn)
 h - a +0 pair of gloves (worn)
Jewellery
 i - an amulet of reflection
Scrolls
 c - 3 scrolls of teleportation
 j - a scroll of fog {unknown}
 k - a scroll of holy word {unknown}
 m - 2 scrolls of identify {unknown}
Potions
 b - a potion of magic
 d - 3 potions of curing {unknown}
 e - a potion of heal wounds {unknown}
 f - a potion of attraction {unknown}
 g - a potion of invisibility {unknown}
 l - a potion of degeneration {unknown}


   Skills:
 + Level 3.1 Dodging
 + Level 3.3 Stealth
 + Level 3.8 Spellcasting
 + Level 2.1 Transmutations
 + Level 3.8 Poison Magic


You had 9 spell levels left.
You knew the following spells:

 Your Spells              Type           Power      Damage    Failure   Level
a - Sting                 Tmut/Pois      68%        1d6       3%          1

Your spell library contained the following spells:

 Spells                   Type           Power      Damage    Failure   Level
 Poisonous Vapours        Pois/Air       24%        N/A       8%          2
 Animate Skeleton         Necr           8%         N/A       12%         1
 Pain                     Necr           16%        1d4       12%         1
 Mephitic Cloud           Conj/Pois/Air  9%         N/A       21%         3
 Olgreb's Toxic Radiance  Pois           21%        N/A       24%         4
 Vampiric Draining        Necr           4%         2d6       34%         3


Dungeon Overview and Level Annotations

Branches:
Dungeon (3/15)

Altars:
Gozag

Annotations:
D:3 Grinder


Message History

You can't see any susceptible monsters within range! (Use Z to cast anyway.)
You can't see any susceptible monsters within range! (Use Z to cast anyway.) Grinder gestures at you.
You barely resist.
Your magical contamination has completely faded away.
Things that are here:
6 gold pieces; 27 stones You can't see any susceptible monsters within range! (Use Z to cast anyway.)
You can't see any susceptible monsters within range! (Use Z to cast anyway.)
You can't see any susceptible monsters within range! (Use Z to cast anyway.) Grinder gestures at you.
Pain shoots through your body!
Ouch! That really hurt!
* * * LOW HITPOINT WARNING * * *
You are too injured to fight recklessly!
You are too injured to fight recklessly!
You are too injured to fight recklessly!
Casting: Sting (safe; 3% risk of failure)
Confirm with . or Enter, or press ? or * to list all spells.
Aiming: Sting (safe; 3% risk of failure)
Press: ? - help, Shift-Dir - straight line, f/p - Grinder
Aim: Grinder (moderately wounded, very poisoned, 71% to hit)
The sting misses Grinder.
Casting: Sting (safe; 3% risk of failure)
Confirm with . or Enter, or press ? or * to list all spells.
Aiming: Sting (safe; 3% risk of failure)
Press: ? - help, Shift-Dir - straight line, f/p - Grinder
Aim: Grinder (moderately wounded, very poisoned, 71% to hit)
The sting hits Grinder but does no damage.
Grinder looks even sicker.
Grinder is moderately wounded.
Casting: Sting (safe; 3% risk of failure)
Confirm with . or Enter, or press ? or * to list all spells.
Aiming: Sting (safe; 3% risk of failure)
Press: ? - help, Shift-Dir - straight line, f/p - Grinder
Aim: Grinder (moderately wounded, very poisoned, 71% to hit)
You miscast Sting.
You are very lightly contaminated with residual magic.
Nothing appears to happen.
Grinder hits you!
You die...

........<.#.#
#####.#####.#
#. #.# #. #.#
#.### #...#
###.## #.$##
##.@# ##5#
#.# #.. ##.#
.# .# .#


You could see Grinder (very poisoned).

Vanquished Creatures
  Jessica (D:2)
  An adder (D:3)
  A worm (D:2)
  A dart slug (D:3)
  2 ball pythons
  4 endoplasms
  3 giant cockroaches
  4 hobgoblins
  3 quokkas
  3 bats (D:2)
  2 frilled lizards (D:1)
  3 goblins
  4 kobolds
  4 rats
36 creatures vanquished.

Notes
Turn   | Place    | Note
-------+----------+-------------------------------------------
     0 | D:1      | Dabor the Deep Elf Venom Mage began the quest for the Orb.
     0 | D:1      | Reached XP level 1. HP: 10/10 MP: 6/6
   245 | D:1      | Reached XP level 2. HP: 6/15 MP: 0/8
  1864 | D:2      | Found an opulent altar of Gozag.
  1897 | D:2      | Reached XP level 3. HP: 6/19 MP: 0/9
  2224 | D:2      | Noticed Jessica
  2230 | D:2      | Killed Jessica
  2565 | D:3      | Reached XP level 4. HP: 23/24 MP: 6/11
  2669 | D:3      | Noticed Grinder
  2681 | D:3      | Slain by Grinder

Illustrated notes

Levels and vault maps discovered:
D:1:      minmay_arrival_doors, layout_basic, minmay_three_crescents
D:2:      layout_loops_corners, basic_altar, uniq_jessica
D:3:      layout_rooms, dreamdust_wishing_well, uniq_grinder,
          uniq_crazy_yiuf_cottage

Skill      XL: |  1  2  3 |
---------------+----------+-----
Stealth        | 3 |  3.3
Dodging        | 3 |  3.1
Transmutations | 2 |  2.1
Spellcasting   | |  3.8
Poison Magic   | |  3.8

Action                   |  1- 3 |  4- 6 || total
-------------------------+-------+-------++-------
Melee: Unarmed           |    14 |       ||    14
 Cast: Sting             |    85 |    11 ||    96
  Use: Scroll            |     1 |       ||     1
Armor: Robe              |     5 |       ||     5
Dodge: Dodged            |    34 |     3 ||    37

Table legend: (Time is in decaauts)
 A = Elapsed time spent in this place.
 B = Non-inter-level travel time spent in this place.
 C = Inter-level travel time spent in this place.
 D = Time resting spent in this place.
 E = Time spent auto-exploring this place.
 F = Levels seen in this place.
 G = Mean time per level.
                   A        B        C        D        E       F      G
               +--------+--------+--------+--------+--------+-----+--------+
         Total |   2680 |   2659 |     21 |    393 |   1955 |   3 |  893.3 |
       Dungeon |   2680 |   2659 |     21 |    393 |   1955 |   3 |  893.3 |
               +--------+--------+--------+--------+--------+-----+--------+

Top non-repeatable levels by time:
     D:2: 1311 daAuts
     D:1: 1247 daAuts
     D:3: 121 daAuts
